 Dungeon Crawl Stone Soup version 0.20.1-1-g8b1a95d (webtiles) character file.

101 InappropriateContent the Skirmisher (level 4, -1/45 HPs)
             Began as a Gargoyle Berserker on Dec 14, 2017.
             Was a Believer of Trog.
             Slain by wineyard's ghost (3 damage)
             ... on level 3 of the Dungeon.
             The game lasted 00:10:29 (1538 turns).

InappropriateContent the Skirmisher (GrBe)          Turns: 1538, Time: 00:10:30

Health: -1/45      AC: 22    Str: 22    XL:     4   Next: 75%
Magic:  4/4        EV:  2    Int:  7    God:    Trog [**....]
Gold:   107        SH:  0    Dex:  9    Spells: 3/3 levels left

rFire    + . .     SeeInvis .   p - +1 trident (freeze)
rCold    x . .     Gourm    .   (no shield)
rNeg     + + +     Faith    .   (armour currently unavailable)
rPois    ∞         Spirit   .   (helmet currently unavailable)
rElec    .         Reflect  .   (cloak currently unavailable)
rCorr    .         Harm     .   (gloves currently unavailable)
MR       .....     NoTele   +   (boots currently unavailable)
Stlth    +.........             (no amulet)
Regen    0.2/turn               n - ring of fire
MPRegen  0.1/turn               (no ring)

@: tree-form, berserk cooldown, slowed, very slow
A: negative energy resistance 1, petrification resistance, rot immunity, AC +3
a: Berserk, Trog's Hand, Burn Spellbooks, Renounce Religion


You were on level 3 of the Dungeon.
You worshipped Trog.
Trog was pleased with you.
You were near starving.
You were a tree.
You visited 1 branch of the dungeon, and saw 3 of its levels.

You collected 107 gold pieces.

Inventory:

Hand Weapons
 a - a +1 mace
 l - a +2 quarterstaff of crushing
 p - a +1 trident of freezing (weapon)
Armour
 g - a +0 ring mail (melded)
 i - a +0 pair of boots (melded)
 q - a +0 scale mail
Jewellery
 n - a ring of fire (left branch)
Scrolls
 e - a scroll of magic mapping
 j - 2 scrolls of remove curse
 m - 3 scrolls of identify
Potions
 d - a potion of lignification
 f - a potion of curing {unknown}
 h - a potion of haste {unknown}
 k - a potion of might
 o - a potion of ambrosia {unknown}
Comestibles
 b - a royal jelly
 c - 3 bread rations


   Skills:
 * Level 4.3 Fighting
 + Level 4.1 Maces & Flails
 * Level 0.2(2.5) Staves
 - Level 2.2 Armour
 * Level 2.1 Dodging


You had 3 spell levels left.
You didn't know any spells.

Dungeon Overview and Level Annotations

Branches:
Dungeon (3/15)

Altars:

Annotations:
D:3 wineyard's ghost, amateur GrFE


Innate Abilities, Weirdness & Mutations

You are resistant to torment.
((Your stone body is resilient. (AC +3)))
You are immune to poison.
You resist negative energy. (rN+)
((You are resistant to electric shocks. (rElec)))
((You can survive without breathing.))
You are immune to petrification.
You are immune to rotting.


Message History

Wineyard's ghost is heavily damaged.
The adder bites you.
* * * LOW HITPOINT WARNING * * *
Wineyard's ghost hits you but does no damage.
The adder bites you but does no damage.
Wineyard's ghost hits you but does no damage.
You closely miss wineyard's ghost.
Wineyard's ghost is heavily damaged.
The adder barely misses you. Wineyard's ghost hits you.
* * * LOW HITPOINT WARNING * * *
The adder bites you.
* * * LOW HITPOINT WARNING * * *
Wineyard's ghost hits you but does no damage.
The adder bites you but does no damage.
You closely miss wineyard's ghost.
Wineyard's ghost is heavily damaged.
The adder bites you but does no damage.
Wineyard's ghost hits you but does no damage.
The adder bites you but does no damage. Wineyard's ghost hits you.
You die...

*,,,,,.../.......,,* *,,* *,
***,**,#.........*,##*,,* ***,
*,,**.##....<..,*...,,,****,,,
*,***.........##..,,,,,,,,,,,,
****,* *...........,**#,,,,,,,*,*
*,,,,* *..[....o.#**,.,,*,***,,,*
*,,,,* **#...##K#* *.#*,,,***,,**
*,,,,****#....sS##*#.#*,*,,,,,,,*
*,,,,,,,....##SW♣##..#*,#,*****,*
*,,,,***#....#.#....#**..,* *,,
,,,,*****,,#...##.####..#** **,
,,,,,,,,,,.##.....##....# **,,
,,,,**,,,............#*.# **,,,
*,*****#,....#.....###*.#####,,*,
,,,,,,*#.*......#..####.#....,**,
,,,,,.##.##.##..............,,,,,
,,,,,.....................#***#.$


You could see wineyard's ghost, 2 adders, an orc, a giant cockroach and a
kobold.

Vanquished Creatures
  5 adders
  4 dart slugs
  A leopard gecko (D:1)
  A ball python (D:2)
  6 bats
  8 goblins
  6 hobgoblins
  3 jackals (D:1)
  5 kobolds
  2 quokkas
  5 rats
46 creatures vanquished.

Notes
Turn   | Place    | Note
-------+----------+-------------------------------------------
     0 | D:1      | InappropriateContent the Gargoyle Berserker began the quest for the Orb.
     0 | D:1      | Reached XP level 1. HP: 14/14 MP: 1/1
    71 | D:1      | Reached XP level 2. HP: 19/19 MP: 2/2
   559 | D:1      | Reached XP level 3. HP: 24/24 MP: 3/3
  1008 | D:2      | Reached ** piety under Trog
  1049 | D:2      | Reached XP level 4. HP: 24/29 MP: 4/4
  1510 | D:3      | Noticed wineyard's ghost (amateur GrFE)
  1537 | D:3      | HP: 1/45 [adder (3)]
  1538 | D:3      | Slain by wineyard's ghost

Skill      XL: |  1  2  3  4 |
---------------+-------------+-----
Fighting       | 4 |  4.3
Maces & Flails | 4 |  4.1
Dodging        | 2 |  2.1
Staves         | |  0.2
Armour         | |  2.2

Action                   |  1- 3 |  4- 6 || total
-------------------------+-------+-------++-------
Melee: Mace              |    91 |       ||    91
       Quarterstaff      |    12 |    54 ||    66
       Trident           |       |    26 ||    26
Invok: Berserk           |       |     1 ||     1
       Trog's Hand       |       |     1 ||     1
  Use: Scroll            |     6 |     1 ||     7
       Potion            |       |     1 ||     1
  Eat: Chunk             |     1 |     1 ||     2
Armor: Animal skin       |    27 |       ||    27
       Ring mail         |    20 |    69 ||    89
       Skin              |       |    38 ||    38
Dodge: Dodged            |    64 |    83 ||   147
